 Dungeon Crawl Stone Soup version 0.29.1-1-gd02db69 (webtiles) character file.

Game seed: 7279882381822207889

8 TKangy the Trooper (level 2, 0/26 HPs)
             Began as a Draconian Berserker on Feb 25, 2023.
             Was an Initiate of Gozag.
             Frozen to death by an endoplasm (5 damage)
             ... on level 1 of the Dungeon.
             The game lasted 00:05:23 (189 turns).

TKangy the Trooper (Draconian Berserker)             Turns: 189, Time: 00:05:24

Health: 0/26       AC:  5    Str: 19    XL:     2   Next: 0%
Magic:  2/2        EV: 12    Int:  7    God:    Gozag
Gold:   72         SH:  0    Dex: 10    Spells: 1/1 levels left

rFire   . . .      SeeInvis .   a - +0 falchion
rCold   . . .      Faith    .   (no shield)
rNeg    . . .      Spirit   .   (body armour unavailable)
rPois   .          Reflect  .   (helmet restricted)
rElec   .          Harm     .   (no cloak)
rCorr   .          Rampage  .   i - +0 pair of gloves
Will    .....                   (no boots)
Stlth   +.........              (no amulet)
HPRegen 0.08/turn               (no ring)
MPRegen 0.08/turn               (no ring)

@: gold aura, slowed, very slow
A: AC +4, unfitting armour, cold-blooded
a: Renounce Religion, Potion Petition, Call Merchant, Bribe Branch


You were on level 1 of the Dungeon.
You worshipped Gozag.
Gozag was noncommittal.
You visited 1 branch of the dungeon, and saw 1 of its levels.

You collected 72 gold pieces.

Inventory:

Hand Weapons
 a - a +0 falchion (weapon)
 d - a +0 short sword
 e - a +0 dagger
 f - a +0 club
Missiles
 b - 3 poisoned darts (quivered)
 c - 9 stones
Armour
 h - a +2 chain mail of positive energy
 i - a +0 pair of gloves (worn)
Potions
 g - a potion of brilliance {unknown}


   Skills:
 + Level 3.4 Fighting
 + Level 3.3 Long Blades
 + Level 2.8 Dodging


You had one spell level left.
You didn't know any spells.
Your spell library was empty.

Dungeon Overview and Level Annotations

Branches:
Dungeon (1/15)

Altars:
Gozag


Innate Abilities, Weirdness & Mutations

Your plain brown scales are hard. (AC +4)
You cannot fit into any form of body armour.
You are cold-blooded and may be slowed by cold attacks.


Message History

You kill the rat!
You have reached level 2!
You now have 31 gold pieces (gained 5).
You see here a +0 pair of gloves.
i - a +0 pair of gloves You start putting on your armour.
You continue putting on your +0 pair of gloves. x4
You finish putting on your +0 pair of gloves.
You now have 44 gold pieces (gained 13).
Trog hurls fiery rage upon you!
The fireball explodes!
The fireball engulfs you.
The divine experience drains your vigour!
You feel yourself slow down.
You feel yourself speed up.
Found 35 gold pieces.
You now have 62 gold pieces (gained 18).
You now have 72 gold pieces (gained 10).
You enter the shallow water.
Moving in this stuff is going to be slow.
An endoplasm comes into view.
An endoplasm comes into view.
The endoplasm quivers.
The endoplasm quivers.
The endoplasm freezes you.
You are frozen.
The endoplasm freezes you.
You are frozen.
You hit the endoplasm.
The endoplasm is severely wounded.
The endoplasm freezes you.
You are frozen.
* * * LOW HITPOINT WARNING * * *
You feel yourself slow down. The endoplasm hits you.
* * * LOW HITPOINT WARNING * * *
You hit the endoplasm.
You kill the endoplasm!
The endoplasm freezes you.
You are frozen.
You die...
Your body crumbles into a pile of gold.

..
#.#####..####.###.
#.. ##.##...#...
#.####...#.#.....
#..#...........##
#
###.........#####
#.###.......#....#
#...#$.........#.#
##.J..#....##.#.#
#..$@.....###...#
#.##..#...# ##..#
#. .......# ..# #
##.###.## #.# .#
..# .# ... ...


You could see an endoplasm.

Vanquished Creatures
  An endoplasm (D:1)
  A giant cockroach (D:1)
  A quokka (D:1)
  2 bats (D:1)
  2 goblins (D:1)
  A kobold (D:1)
  A rat (D:1)
9 creatures vanquished.

Notes
Turn   | Place    | Note
-------+----------+-------------------------------------------
     0 | D:1      | TKangy the Draconian Berserker began the quest for the Orb.
     0 | D:1      | Reached XP level 1. HP: 19/19 MP: 1/1
    64 | D:1      | Found a faded altar of an unknown god.
    93 | D:1      | Prayed at the altar of an unknown god.
    93 | D:1      | Fell from the grace of Trog
    93 | D:1      | Became a worshipper of Gozag Ym Sagoz the Greedy
   135 | D:1      | Reached XP level 2. HP: 17/26 MP: 2/2
   189 | D:1      | Frozen to death by an endoplasm

Illustrated notes

Levels and vault maps discovered:
D:1:      minmay_arrival_up_and_down, layout_rooms,
          shapermc_ecumenical_altar_starsandcircs, serial_bayou_pond_d,
          minivault_5

Action                   || total
-------------------------++-------
Melee: Falchion          ||    19
Invok: Berserk           ||     1
Armor: Skin              ||     4
Dodge: Dodged            ||    11
